 Dungeon Crawl Stone Soup version 0.32-a0-999-gfa1cc04b1d (webtiles) character file.

Game seed: 218287271328865134

1546 GiantSquids the Grappler (level 8, -1/52 HPs)
             Began as an Octopode Berserker on Apr 24, 2024.
             Was a Priest of Trog.
             Killed from afar by an electric eel (7 damage)
             ... with a bolt of electricity
             ... on level 7 of the Dungeon.
             The game lasted 00:08:14 (4800 turns).

GiantSquids the Grappler (Octopode Berserker)       Turns: 4800, Time: 00:08:15

Health: -1/52      AC:  5    Str: 18    XL:     8   Next: 87%
Magic:  8/8        EV: 12    Int: 21    God:    Trog [***...]
Gold:   313        SH:  0    Dex: 12    Spells: 7/7 levels left

rFire   . .          .
                       - Unarmed
rCold   . . .        (no shield)
rNeg    . . .        (helmet restricted)
rPois   .            (no amulet)
rElec   .            d - +6 ring of intelligence
rCorr   .            f - +6 ring of intelligence
SInv    .            y - +4 ring of protection
Will    .....        (no ring)
Stlth   +++          (no ring)
HPRegen 0.28/turn    (no ring)
MPRegen 0.11/turn    (no ring)
                     (no ring)

%: no passive effects
@: no status effects
A: almost no armour, amphibious, 8 rings, camouflage 1, gelatinous body 1,
(nimble swimmer 1), tentacles
a: Renounce Religion, Berserk, Trog's Hand


You were on level 7 of the Dungeon.
You worshipped Trog.
Trog was most pleased with you.
You visited 1 branch of the dungeon, and saw 7 of its levels.

You collected 313 gold pieces.

Inventory:

Hand Weapons
 E - the +6 falchion of Huen {holy, rC+ Str+3}
   (You found it on level 5 of the Dungeon)

   Str+3:     It affects your strength (+3).
   rC+:       It protects you from cold.
Missiles
 a - 62 stones
 n - 15 poisoned darts (quivered)
 x - 10 atropa-tipped darts
Jewellery
 d - a +6 ring of intelligence (left tentacle)
 f - a +6 ring of intelligence (right tentacle)
 u - a ring of fire
 y - a +4 ring of protection (on tentacle)
Wands
 o - a wand of polymorph (6)
 p - a wand of roots (8)
 z - a wand of light (9)
Scrolls
 b - a scroll of enchant weapon {unknown}
 c - a scroll of butterflies {unknown}
 g - a scroll of fog {unknown}
 h - 2 scrolls of poison {unknown}
 j - 7 scrolls of identify {unknown}
 l - 6 scrolls of teleportation {unknown}
 m - a scroll of vulnerability {unknown}
 r - 2 scrolls of blinking {unknown}
 v - 2 scrolls of immolation {unknown}
 F - a scroll of amnesia {unknown}
 G - a scroll of revelation {unknown}
Potions
 e - a potion of invisibility {unknown}
 i - a potion of degeneration {unknown}
 k - a potion of enlightenment {unknown}
 q - a potion of mutation {unknown}
 s - a potion of attraction {unknown}
 t - 2 potions of haste {unknown}
 w - 2 potions of curing {unknown}
 A - a potion of ambrosia {unknown}
 B - a potion of cancellation {unknown}
 C - a potion of lignification {unknown}
 D - 2 potions of resistance {unknown}


   Skills:
 - Level 3.0 Fighting
 - Level 3.0 Dodging
 - Level 3.5 Stealth
 * Level 10.9 Unarmed Combat


You had 7 spell levels left.
You didn't know any spells.
Your spell library was empty.

Dungeon Overview and Level Annotations

Branches:
Dungeon (7/15)             Temple (0/1) D:5

Altars:
The Shining One


Innate Abilities, Weirdness & Mutations

You cannot wear most types of armour.
You are amphibious.
You can wear up to eight rings at the same time.
Your skin changes colour to match your surroundings (Stealth+).
Your rubbery body absorbs attacks. (AC +1, EV +1)
((You are camouflaged when in or above water. (Stealth+)))
You have tentacles for arms and can constrict up to eight enemies at once.


Message History

There is an open door here.
You see here a book of Chaos.
G - a scroll labelled ADUNUE TYJO
Found a stone staircase leading up.
You now have 313 gold pieces (gained 11).
There is an open door here.
There is an open door here.
As you open the door, it creaks loudly!
You open the door.
There is an open door here.
There is an open door here.
You open the door.
Found a short sword.
D - 2 dark potions (gained 1)
You open the door.
There is an open door here.
Done exploring.
Done exploring.
You don't know any spells.
There is a stone staircase leading down here.
You climb downwards.
There is a stone staircase leading up here.
A wight comes into view. It is wielding a +1 flail.
Found a scroll labelled ENOQAT TETI and 5 stones.
Found a stone staircase leading up.
The electric eel shoots out a bolt of lightning at you!
The bolt of electricity hits you! x2
The electric eel shoots out a bolt of lightning at you!
The bolt of electricity hits you!
A wight comes into view. It is wielding a +0 spear.
The electric eel shoots out a bolt of lightning at you!
The bolt of electricity hits you!
The electric eel shoots out a bolt of lightning at you!
The bolt of electricity hits you!
* * * LOW HITPOINT WARNING * * *
A bullfrog comes into view.
Found 2 large rocks.
The electric eel shoots out a bolt of lightning at you!
The bolt of electricity hits you!
You die...

###..# ....(
.....(..#...#
.≈~~≈~..#...#
.≈≈≈≈≈..#...#
.~≈≈≈~..#...########.
.~~S~S..#...<....F...
..........?@#####....
..~~~~...............
~.~≈≈~..#............
≈.~≈≈≈..#............
~.~≈≈~.<....#z######.
~.~~~~..#...#.#
..............#
.#......#.....#
..............#


You could see a bullfrog (asleep), an electric eel and a wight.

Vanquished Creatures
  The ghost of Eboss360 the Chopper, an amateur MiBe of Trog (D:4)
  2 ice beasts
  A black bear (D:6)
  A sky beast (D:6)
  2 centaurs (D:5)
  2 ogres
  3 bullfrogs
  2 scorpions (D:6)
  A crimson imp (D:4)
  A bombardier beetle (D:4)
  4 hounds
  A sleepcap (D:5)
  Jessica (D:2)
  An iguana (D:6)
  5 adders
  A dart slug (D:4)
  3 ribbon worms
  An orc (D:3)
  7 bats
  9 endoplasms
  A giant cockroach (D:3)
  6 hobgoblins
  9 kobolds
  6 quokkas
  10 ball pythons
  3 frilled lizards
  6 goblins
  2 goblin skeletons (D:4)
  A goblin zombie (D:4)
  3 hobgoblin zombies (D:4)
  A kobold skeleton (D:4)
  A kobold zombie (D:4)
  An orc skeleton (D:4)
  2 orc zombies (D:4)
  5 rats
106 creatures vanquished.

Vanquished Creatures (others)
  An endoplasm (D:4)
1 creature vanquished.

Grand Total: 107 creatures vanquished

Notes
Turn   | Place    | Note
-------+----------+-------------------------------------------
     0 | D:1      | GiantSquids the Octopode Berserker began the quest for the
                  | Orb.
     0 | D:1      | Reached XP level 1. HP: 16/16 MP: 1/1
   267 | D:1      | Reached skill level 1 in Stealth
   273 | D:1      | Reached XP level 2. HP: 21/21 MP: 2/2
   705 | D:1      | Reached XP level 3. HP: 26/26 MP: 3/3
   923 | D:1      | Reached ** piety under Trog
  1260 | D:2      | Reached skill level 4 in Unarmed Combat
  1501 | D:2      | HP: 1/26 [ribbon worm (9)]
  1668 | D:2      | Noticed Jessica
  1670 | D:2      | Killed Jessica
  1671 | D:2      | Reached XP level 4. HP: 31/31 MP: 4/4
  2418 | D:4      | Found a runed translucent gate.
  2418 | D:4      | Found a runed translucent gate.
  2419 | D:4      | Found a runed translucent gate.
  2422 | D:4      | Noticed Eboss360's ghost (amateur MiBe)
  2423 | D:4      | Noticed a bullfrog
  2463 | D:4      | Found a glowing golden altar of the Shining One.
  2497 | D:4      | Reached skill level 5 in Unarmed Combat
  2497 | D:4      | Reached XP level 5. HP: 31/36 MP: 5/5
  2935 | D:4      | Reached skill level 6 in Unarmed Combat
  2935 | D:4      | Reached XP level 6. HP: 37/42 MP: 6/6
  3130 | D:4      | Killed Eboss360's ghost
  3131 | D:4      | Reached skill level 7 in Unarmed Combat
  3131 | D:4      | Reached XP level 7. HP: 46/46 MP: 7/7
  3192 | D:5      | Entered Level 5 of the Dungeon
  3297 | D:5      | Reached skill level 8 in Unarmed Combat
  3678 | D:5      | Reached *** piety under Trog
  3679 | D:5      | Reached skill level 9 in Unarmed Combat
  3679 | D:5      | Reached XP level 8. HP: 52/52 MP: 8/8
  3783 | D:5      | Identified the +6 falchion of Huen {holy, rC+ Str+3}
  3851 | D:5      | Found a staircase to the Ecumenical Temple.
  4216 | D:6      | Reached skill level 10 in Unarmed Combat
  4800 | D:7      | Killed from afar by an electric eel

Illustrated notes

Levels and vault maps discovered:
D:1:      heliophobic_arrival_henge, layout_basic, serial_forest,
          infiniplex_forest_zigzag_1, infiniplex_forest_clump_tiny,
          infiniplex_forest_join, infiniplex_forest_lined_2,
          infiniplex_forest_zigzag_1, infiniplex_forest_lined_ring,
          infiniplex_forest_clump_long, infiniplex_forest_join,
          infiniplex_forest_straight_4, st_stairs_11
D:2:      layout_loops_cross, nrook_loot_triangle, uniq_jessica
D:3:      layout_rooms, serial_bayou_ford_a, minmay_cupped
D:4:      layout_loops_cross, nicolae_tso_besieged_by_evil,
          gammafunk_ghost_split, serial_bayou_pond_e,
          amcnicky_mini_corridor_feature
D:5:      layout_basic, minmay_temple_entry_butterflies
D:6:      layout_basic
D:7:      layout_basic, overflow_temple_1_default, minitemple, minivault_14

Skill      XL: |  1  2  3  4  5  6  7  8 |
---------------+-------------------------+-----
Stealth        | 1 2 3 |  3.5
Unarmed Combat | 4 5 6 7 9 10 | 10.9
Fighting       | |  3.0
Dodging        | |  3.0

Action                     |  1- 3 |  4- 6 |  7- 9 || total
---------------------------+-------+-------+-------++-------
  Melee: Unarmed           |    80 |    79 |    59 ||   218
         Constrict         |    15 |    25 |     8 ||    48
         Tentacles         |    10 |    20 |    16 ||    46
         Punch             |     1 |     5 |     3 ||     9
  Throw: Stone             |       |     1 |       ||     1
         Dart              |       |       |     2 ||     2
 Invoke: Berserk           |       |     1 |       ||     1
   Stab: Sleeping          |    13 |     7 |     6 ||    26
 Armour: Skin              |    22 |    26 |    42 ||    90
  Dodge: Dodged            |    32 |    37 |    33 ||   102

Table legend: (Time is in decaauts)
 A = Elapsed time spent in this place.
 B = Non-inter-level travel time spent in this place.
 C = Inter-level travel time spent in this place.
 D = Time resting spent in this place.
 E = Time spent auto-exploring this place.
 F = Levels seen in this place.
 G = Mean time per level.
                   A        B        C        D        E       F      G
               +--------+--------+--------+--------+--------+-----+--------+
         Total |   4782 |   4626 |    156 |    100 |   3678 |   7 |  683.1 |
       Dungeon |   4782 |   4626 |    156 |    100 |   3678 |   7 |  683.1 |
               +--------+--------+--------+--------+--------+-----+--------+

Top non-repeatable levels by time:
     D:1: 1101 daAuts
     D:2: 854 daAuts
     D:6: 825 daAuts
     D:4: 784 daAuts
     D:5: 762 daAuts
     D:3: 445 daAuts
     D:7: 10 daAuts
